 Dungeon Crawl Stone Soup version 0.28-a0-722-gc0678643b6 (webtiles) character file.

Game seed: 3229303075359013308

591 technautist the Skirmisher (level 7, 0/66 HPs)
             Began as a Minotaur Fighter on Oct 25, 2021.
             Slain by a gnoll (5 damage)
             ... on level 4 of the Dungeon.
             The game lasted 00:31:59 (4217 turns).

technautist the Skirmisher (Minotaur Fighter)       Turns: 4217, Time: 00:32:12

Health: 0/66       AC:  7    Str: 21    XL:     7   Next: 16%
Magic:  6/6        EV:  9    Int:  5    God:
Gold:   180        SH:  4    Dex: 11    Spells: 6/6 levels left

rFire   . . .      SeeInvis .   a - +0 war axe
rCold   + . .      Faith    .   c - +0 buckler
rNeg    . . .      Spirit   .   b - +1 scale mail
rPois   .          Reflect  .   (helmet restricted)
rElec   .          Harm     .   (no cloak)
rCorr   .          Rampage  .   (no gloves)
Will    .....                   (no boots)
Stlth   ..........              (no amulet)
HPRegen 0.21/turn               i - ring of protection from cold
MPRegen 0.10/turn               q - +4 ring of slaying

@: no status effects
A: horns 2, retaliatory headbutt
a: no special abilities


You were on level 4 of the Dungeon.
You visited 1 branch of the dungeon, and saw 4 of its levels.

You collected 180 gold pieces.

Inventory:

Hand Weapons
 a - a +0 war axe (weapon)
 h - a +4 club
 l - a +2 whip of distortion
Missiles
 j - 2 throwing nets (quivered)
 k - 51 sling bullets
Armour
 b - a +1 scale mail (worn)
 c - a +0 buckler (worn)
Jewellery
 i - a ring of protection from cold (left hand)
 m - a ring of resist corrosion
 q - a +4 ring of slaying (right hand)
Potions
 d - a potion of might
 e - a potion of degeneration {unknown}
 f - a potion of attraction {unknown}
 g - a potion of invisibility {unknown}
 n - a potion of magic {unknown}
 p - a potion of flight {unknown}
 r - 2 potions of brilliance {unknown}
 t - a potion of haste {unknown}


   Skills:
 + Level 7.4 Fighting
 + Level 6.9 Axes
 - Level 3.6 Armour
 - Level 3.6 Shields


You had 6 spell levels left.
You didn't know any spells.
Your spell library contained the following spells:

 Spells                   Type           Power      Damage    Failure   Level
 Summon Small Mammal      Summ           0%         N/A       83%         1
 Ensorcelled Hibernation  Hex/Ice        0%         N/A       92%         2
 Slow                     Hex            0%         N/A       92%         2
 Call Canine Familiar     Summ           0%         N/A       99%         3
 Confusing Touch          Hex            0%         N/A       99%         3
 Dazzling Flash           Conj/Hex       0%         N/A       99%         3
 Spider Form              Tmut/Pois      0%         N/A       99%         3
 Summon Guardian Golem    Hex/Summ       0%         N/A       99%         3
 Vampiric Draining        Necr           0%         2d6       99%         3
 Agony                    Necr           0%         N/A       100%        5
 Silence                  Hex/Air        0%         N/A       100%        5


Dungeon Overview and Level Annotations

Branches:
Dungeon (4/15)
 Temple: D:4-7

Altars:
Nemelex Xobeh


Innate Abilities, Weirdness & Mutations

You have a pair of horns on your head.
You reflexively headbutt those who attack you in melee.


Message History

You slash the adder! You headbutt the adder.
You kill the adder!
You barely miss the gnoll. x2; The gnoll hits you but does no damage.
You block the gnoll's attack.
You slash the gnoll!
The gnoll is heavily wounded.
You barely miss the gnoll. The gnoll hits you with a +0 whip.
You hit the gnoll.
The gnoll is moderately wounded.
You slash the gnoll!
You kill the gnoll!
You slash the gnoll!
You kill the gnoll!
Your shield and scale mail prevent you from hitting the gnoll.
You barely miss the gnoll. The gnoll hits you with a +0 flail!
The gnoll hits you with a +0 flail. The ball python barely misses you.
You furiously retaliate!
You headbutt the ball python. The ball python grabs you.
The ball python constricts you. The gnoll hits you with a +0 flail. x2
The ball python barely misses you. The ball python constricts you.
Things that are here:
a +0 whip; a gnoll corpse You closely miss the gnoll.
The gnoll is heavily wounded.
You slash the ball python!
You kill the ball python!
You closely miss the gnoll. The gnoll hits you with a +0 flail!
The gnoll hits you with a +0 flail.
You hit the gnoll. Your headbutt misses the gnoll.
The gnoll is almost dead.
You slash the gnoll! The gnoll hits you with a +0 flail!
The gnoll hits you with a +0 flail.
You closely miss the gnoll.
The gnoll is almost dead.
You barely miss the gnoll. The gnoll hits you with a +0 flail!
* * * LOW HITPOINT WARNING * * *
The gnoll hits you with a +0 flail!
* * * LOW HITPOINT WARNING * * *
The gnoll hits you with a +0 flail.
You die...

##..................
#...................
##..#..............†)
#...#................
#..........###.......
####..........###..##...
##..............#....##..
#.......g......###.......
........@........#.......
.......)g................
................####.....
................ #.....#
#............... #.....#
#.......##....... #..##..
......... ........#..#...
#.##..... ...........#...
.........


You could see 2 gnolls.

Vanquished Creatures
  Sigmund (D:2)
  A gnoll sergeant (D:3)
  A hound (D:3)
  A bullfrog skeleton (D:4)
  Terence (D:2)
  Jessica (D:2)
  Robin (D:3)
  6 gnolls
  6 adders
  A river rat (D:3)
  4 worms
  2 dart slugs
  An orc (D:3)
  8 endoplasms
  24 goblins
  12 hobgoblins
  7 jackals (D:3)
  6 kobolds
  8 quokkas
  9 ball pythons
  3 bats (D:1)
  4 frilled lizards
  11 rats
119 creatures vanquished.

Notes
Turn   | Place    | Note
-------+----------+-------------------------------------------
     0 | D:1      | technautist the Minotaur Fighter began the quest for the
                  | Orb.
     0 | D:1      | Reached XP level 1. HP: 19/19 MP: 0/0
   101 | D:1      | Reached skill level 4 in Fighting
   148 | D:1      | Reached XP level 2. HP: 20/27 MP: 1/1
   786 | D:1      | Reached XP level 3. HP: 34/34 MP: 2/2
  1320 | D:2      | Reached XP level 4. HP: 39/41 MP: 3/3
  1358 | D:2      | Noticed Jessica
  1364 | D:2      | Killed Jessica
  1365 | D:2      | Reached skill level 5 in Fighting
  1684 | D:2      | Noticed Sigmund
  1698 | D:2      | Killed Sigmund
  1699 | D:2      | Reached skill level 6 in Fighting
  1699 | D:2      | Reached skill level 5 in Axes
  1699 | D:2      | Reached XP level 5. HP: 36/50 MP: 4/4
  1728 | D:2      | Noticed Terence
  1745 | D:2      | Killed Terence
  1746 | D:2      | Reached XP level 6. HP: 39/58 MP: 5/5
  1757 | D:2      | Found a faded altar of an unknown god.
  2215 | D:3      | Found a sparkling altar of Nemelex Xobeh.
  2569 | D:3      | Reached skill level 7 in Fighting
  3393 | D:3      | Identified the -5 helmet of Absence {-Tele Slay+6}
  3393 | D:3      | Noticed Robin
  3406 | D:3      | Killed Robin
  3707 | D:3      | Reached XP level 7. HP: 55/66 MP: 6/6
  4217 | D:4      | Slain by a gnoll

Illustrated notes

Levels and vault maps discovered:
D:1:      dpeg_arrival_shrine, layout_loops_ring
D:2:      layout_rooms, hellmonk_ecumenical_altar_prayer_group, serial_curves,
          eino_curves_02, eino_curves_01, minivault_11, minmay_door_square,
          minmay_misc_feat_rows, uniq_terence, uniq_sigmund, uniq_jessica
D:3:      kennysheep_goblin_castle, layout_loops_corners,
          mainiacjoe_overflow_cross_hatched, gup_sewer_entry_bubbles
D:4:      layout_cave_pools, mainiacjoe_overflow_surrounded_room,
          ebering_dispersal_statue_hall

Skill      XL: |  1  2  3  4  5  6 |
---------------+-------------------+-----
Fighting       | 4 6 7 |  7.4
Axes           | 3 4 5 6 |  6.9
Armour         | |  3.6
Shields        | |  3.6

Action                   |  1- 3 |  4- 6 |  7- 9 || total
-------------------------+-------+-------+-------++-------
Melee: War axe           |    75 |   114 |    24 ||   213
       Headbutt          |    11 |     9 |     3 ||    23
  Use: Scroll            |       |     7 |       ||     7
Armor: Scale mail        |    38 |    58 |     6 ||   102
Dodge: Dodged            |    45 |    49 |     9 ||   103
Block: Buckler           |    14 |    32 |     4 ||    50

Table legend: (Time is in decaauts)
 A = Elapsed time spent in this place.
 B = Non-inter-level travel time spent in this place.
 C = Inter-level travel time spent in this place.
 D = Time resting spent in this place.
 E = Time spent auto-exploring this place.
 F = Levels seen in this place.
 G = Mean time per level.
                   A        B        C        D        E       F      G
               +--------+--------+--------+--------+--------+-----+--------+
         Total |   4304 |   4281 |     23 |    246 |    205 |   4 | 1076.0 |
       Dungeon |   4304 |   4281 |     23 |    246 |    205 |   4 | 1076.0 |
               +--------+--------+--------+--------+--------+-----+--------+

Top non-repeatable levels by time:
     D:3: 1875 daAuts
     D:2: 1134 daAuts
     D:1: 1109 daAuts
     D:4: 184 daAuts
